 Dungeon Crawl Stone Soup version 0.27-a0-1137-g3ef0f4ec91 (webtiles) character file.

Game seed: 18158140710805975098

9 kae the Skirmisher (level 2, -2/24 HPs)
             Began as a Demonspawn Abyssal Knight on May 6, 2021.
             Was a Follower of Lugonu.
             Slain by a quokka (5 damage)
             ... on level 1 of the Dungeon.
             The game lasted 00:00:22 (482 turns).

kae the Skirmisher (Demonspawn Abyssal Knight)       Turns: 482, Time: 00:00:23

Health: -2/24      AC:  3    Str: 12    XL:     2   Next: 6%
Magic:  3/3        EV: 11    Int: 13    God:    Lugonu [*.....]
Gold:   0          SH:  0    Dex: 12    Spells: 1/1 levels left

rFire    . . .     SeeInvis .   a - +1 falchion
rCold    . . .     Faith    .   (no shield)
rNeg     . . .     Spirit   .   b - +0 leather armour
rPois    .         Reflect  .   (no helmet)
rElec    .         Harm     .   (no cloak)
rCorr    .         Rampage  .   (no gloves)
Will     .....                  (no boots)
Stlth    +.........             (no amulet)
HPRegen  0.08/turn              (no ring)
MPRegen  0.08/turn              (no ring)

@: no status effects
A: demonic guardian 1
a: Renounce Religion, Depart the Abyss


You were on level 1 of the Dungeon.
You worshipped Lugonu.
Lugonu was aware of your devotion.
You visited 1 branch of the dungeon, and saw 1 of its levels.
You visited the Abyss 1 time.

Inventory:

Hand Weapons
 a - a +1 falchion (weapon)
Armour
 b - a +0 leather armour (worn)
Scrolls
 c - a scroll of blinking {unknown}
Potions
 d - a potion of magic {unknown}


   Skills:
 - Level 3.0 Fighting
 + Level 2.5 Long Blades
 - Level 1.7 Armour
 - Level 0.8 Dodging
 - Level 2.4 Invocations


You had one spell level left.
You didn't know any spells.
Your spell library contained the following spells:

 Spells                   Type           Power      Damage    Failure   Level
 Magic Dart               Conj           0%         1d3       36%         1
 Searing Ray              Conj           0%         3d3       52%         2
 Dazzling Flash           Conj/Hex       0%         N/A       75%         3
 Fulminant Prism          Conj/Hex       0%         3d6       98%         4
 Iskenderun's Mystic Bla  Conj/Tloc      0%         2d3       98%         4


Dungeon Overview and Level Annotations

Branches:
Dungeon (1/15)

Altars:


Innate Abilities, Weirdness & Mutations

A weak demonic guardian rushes to your aid.


Message History

You hit the giant cockroach.
You kill the giant cockroach!
Lugonu accepts your kill. The bat closely misses you.
The bat hits you but does no damage.
You have reached level 2!
Your demonic ancestry asserts itself...
You feel the presence of a demonic guardian.
You miss the bat. The bat barely misses you. The bat hits you.
You completely miss the bat. The bat hits you but does no damage.
The bat hits you. The bat misses you.
You closely miss the bat. The bat misses you.
You riposte.
You closely miss the bat. The bat hits you but does no damage.
You closely miss the bat. The bat barely misses you.
The bat hits you but does no damage.
You hit the bat.
The bat is moderately wounded.
The bat completely misses you. The bat hits you but does no damage.
You closely miss the bat.
The bat is moderately wounded.
The bat barely misses you.
You closely miss the bat.
The bat is moderately wounded.
The bat misses you.
You riposte.
You barely miss the bat.
The bat is moderately wounded.
The bat barely misses you.
You riposte.
You hit the bat.
You kill the bat!
Lugonu accepts your kill.
You miss the quokka. The quokka bites you.
You closely miss the quokka.
The quokka bites you but does no damage.
The quokka barely misses you.
You riposte.
You barely miss the quokka. You hit the quokka.
The quokka is heavily wounded.
The quokka barely misses you.
You closely miss the quokka.
The quokka is heavily wounded.
The quokka bites you.
* * * LOW HITPOINT WARNING * * *
A demonic guardian appears!
The quokka bites you.
You die...

.............##.# ###
##.######....##.###.#
.#.# #...####.##..# ...#
#.### #.##..# #..# #.#
#.#††.# #..# ##.#
#.#.#.##### #....
#..######.#.#.....#
#.##.##.###....5..#.....#
#.##.##.###.####@###....#
#...........# #r# #....#
#..........## #.# #....#
...........# #.###....#
..........(# #.##.....#
...........# #.##.#####
............ ###.##.#
...>...⌠....##......#
...............#.####


You could see a quokka (ally target) and a friendly ufetubus (summoned).

Vanquished Creatures
  2 bats (D:1)
  A giant cockroach (D:1)
  A goblin (D:1)
  3 hobgoblins (D:1)
  A rat (D:1)
8 creatures vanquished.

Notes
Turn   | Place    | Note
-------+----------+-------------------------------------------
     0 | Abyss:1  | kae the Demonspawn Abyssal Knight began the quest for the
                  | Orb.
     0 | Abyss:1  | Reached XP level 1. HP: 18/18 MP: 2/2
    16 | Abyss:1  | Noticed a ynoxinul
    17 | Abyss:1  | Noticed a large abomination
    46 | D:1      | Escaped the Abyss
   356 | D:1      | Reached * piety under Lugonu
   455 | D:1      | Found a faded altar of an unknown god.
   472 | D:1      | Gained mutation: A weak demonic guardian rushes to your
                  | aid. [demonic ancestry]
   472 | D:1      | Reached XP level 2. HP: 12/24 MP: 3/3
   482 | D:1      | Slain by a quokka

Illustrated notes

Levels and vault maps discovered:
D:1:      lemuel_arrival_lava_pool, layout_rooms,
          hellmonk_ecumenical_altar_run_dry

Skill      XL: |  1 |
---------------+----+-----
Long Blades    | 2 |  2.5
Fighting       | |  3.0
Armour         | |  1.7
Dodging        | |  0.8
Invocations    | |  2.4

Action                   || total
-------------------------++-------
Melee: Falchion          ||    38
Invok: Depart the Abyss  ||     1
Armor: Leather armour    ||    24
Dodge: Dodged            ||    47
       Rpst.: Falchion   ||    18

Table legend: (Time is in decaauts)
 A = Elapsed time spent in this place.
 B = Non-inter-level travel time spent in this place.
 C = Inter-level travel time spent in this place.
 D = Time resting spent in this place.
 E = Time spent auto-exploring this place.
 F = Levels seen in this place.
 G = Mean time per level.
                   A        B        C        D        E       F      G
               +--------+--------+--------+--------+--------+-----+--------+
         Total |    488 |    488 |      0 |      0 |    386 |   2 |  244.0 |
       Dungeon |    442 |    442 |      0 |      0 |    370 |   1 |  442.0 |
         Abyss |     46 |     46 |      0 |      0 |     16 |   1 |   46.0 |
               +--------+--------+--------+--------+--------+-----+--------+

Top non-repeatable levels by time:
     D:1: 442 daAuts
 Abyss:1: 46 daAuts
